 Dungeon Crawl Stone Soup version 0.25.0-1-g7eea58d2a3 (webtiles) character file.

Game seed: 11169419684663799125

13637 grindst0ne the Fighter (level 12, -15/112 HPs)
             Began as a Ghoul Monk on June 14, 2020.
             Was an Elder of Trog.
             Killed from afar by a deep elf mage (28 damage)
             ... with a bolt of fire
             ... on level 12 of the Dungeon.
             The game lasted 00:20:45 (12847 turns).

grindst0ne the Fighter (Ghoul Monk)                Turns: 12847, Time: 00:20:45

Health: -15/112    AC: 17    Str: 20    XL:     12   Next: 8%
Magic:  11/11      EV:  9    Int:  8    God:    Trog [****..]
Gold:   632        SH:  0    Dex: 17    Spells: 11/11 levels left

rFire    . . .     SeeInvis .     - Unarmed
rCold    + . .     Gourm    .   (no shield)
rNeg     + + +     Faith    .   I - +1 chain mail {rPois}
rPois    ∞         Spirit   .   H - +2 helmet {Int+3}
rElec    .         Reflect  .   J - scarf {+Inv}
rCorr    .         Harm     .   (no gloves)
MR       ++...                  K - +0 pair of boots
Stlth    ..........             (no amulet)
HPRegen  1.00/turn              m - ring of stealth
MPRegen  0.12/turn              u - +6 ring of dexterity

@: about to teleport, regenerating, rotting
A: rotting body, claws 1, carnivore, cold resistance 1, negative energy
resistance 3, inhibited regeneration, torment resistance, unbreathing
a: Trog's Hand, Brothers in Arms, Renounce Religion, Evoke Invisibility


You were on level 12 of the Dungeon.
You worshipped Trog.
Trog was greatly pleased with you.
You were not hungry.

You visited 2 branches of the dungeon, and saw 13 of its levels.

You collected 632 gold pieces.

Inventory:

Missiles
 p - 13 boomerangs
 t - 91 poisoned darts
 L - 4 boomerangs of dispersal
 N - a throwing net (quivered)
Armour
 s - a +2 hat
 w - a +1 scale mail of cold resistance
 H - a +2 helmet of intelligence (worn)
 I - a +1 chain mail of poison resistance (worn)
 J - a scarf of invisibility (worn)
 K - a +0 pair of boots (worn)
Jewellery
 g - an uncursed amulet of reflection {unknown}
 i - an uncursed ring of resist corrosion
 m - a ring of stealth (left claw)
 q - an uncursed ring of magical power
 u - a +6 ring of dexterity (right claw)
 G - an uncursed ring of magical power
Wands
 l - a wand of enslavement (3)
 r - a wand of disintegration (15)
 y - a wand of iceblast (10)
 B - a wand of flame (8)
Scrolls
 d - a scroll of silence {unknown}
 h - 2 scrolls of remove curse
 k - 2 scrolls of blinking {unknown}
 n - a scroll of fog
 o - 5 scrolls of teleportation
 x - a scroll of torment
 A - 3 scrolls of enchant armour
 D - 2 scrolls of summoning
 F - a scroll of magic mapping {unknown}
 M - 2 scrolls of identify
Potions
 c - 3 potions of heal wounds
 e - 2 potions of stabbing
 f - a potion of magic {unknown}
 j - a potion of berserk rage {unknown}
 v - a potion of curing
 z - 3 potions of might
 C - a potion of brilliance {unknown}
 E - a potion of lignification {unknown}
Comestibles
 a - 3 chunks of flesh
 b - 26 rations


   Skills:
 + Level 12.3 Fighting
 + Level 10.2 Armour
 - Level 2.6 Dodging
 - Level 2.1 Stealth
 + Level 12.2 Unarmed Combat


You had 11 spell levels left.
You didn't know any spells.
Your spell library was empty.

Dungeon Overview and Level Annotations

Branches:
Dungeon (12/15)            Temple (1/1) D:5            Lair (0/6) D:8
    Orc (0/2) D:11

Altars:
Ashenzari
Cheibriados
Dithmenos
Elyvilon
Fedhas
Gozag
Hepliaklqana
Kikubaaqudgha
Makhleb
Nemelex Xobeh
Okawaru
Qazlal
Ru
Sif Muna
Trog
Uskayaw
Vehumet
Wu Jian
Xom
Yredelemnul
Zin
The Shining One

Shops:
D:10 (   D:11 *

Annotations:
D:6 2 transporters, gruber's ghost, amateur MiGl


Innate Abilities, Weirdness & Mutations

Your body is rotting away.
You thrive on raw meat.
You are immune to poison.
You have sharp fingernails.
You are carnivorous and can eat meat at any time.
Your flesh is cold resistant. (rC+)
You are immune to negative energy. (rN+++)
You do not regenerate when monsters are visible.
You are immune to unholy pain and torment.
You can survive without breathing.


Message History

The killer bee stings you but does no damage.
You miss the killer bee.
The killer bee is severely wounded.
The killer bee stings you. The fire elemental hits you.
The fire elemental burns you!
* * * LOW HITPOINT WARNING * * *
Your skin crawls.
You feel resistant to hostile enchantments.
You feel quite a bit more hungry.
The killer bee stings you but does no damage.
The killer bee stings you.
* * * LOW HITPOINT WARNING * * *
The fire elemental hits you. The fire elemental burns you!
* * * LOW HITPOINT WARNING * * *
The deep elf mage gestures at you while chanting.
The bolt of fire hits the fire elemental.
The fire elemental completely resists.
The bolt of fire hits the fire elemental.
The fire elemental completely resists.
The bolt of fire hits you!!
You die...

####### #.....#
###
#.....#######.....
+..○.°#EEE@y'.....
#.....'e#####.....
#.....### ...
##'#### ... #.# ..
###. #.# #' #...
##.# .###..# #..#
..#..# #.##
###...#


You could see a deep elf mage, 3 fire elementals and a killer bee.

Vanquished Creatures
  Gastronok (D:8)
  Harold (D:8)
  A two-headed ogre (D:11)
  A deep elf mage (D:12)
  An ugly thing (D:12)
  Maggie (D:8)
  2 gargoyles
  2 trolls
  Grinder (D:6)
  A hornet (D:11)
  Prince Ribbit (D:8)
  A slime creature (D:9)
  2 hippogriffs
  A spriggan (D:7)
  A shadow (D:12)
  2 wraiths (D:9)
  Sigmund (D:6)
  A vampire (D:5)
  4 yaks
  Eustachio (D:6)
  A hungry ghost (D:9)
  A water moccasin (D:9)
  3 orc warriors
  2 sky beasts
  A hornet zombie (D:6)
  7 ice beasts
  2 black bears
  5 phantoms
  2 ogres
  4 centaurs
  5 bullfrogs
  A wyvern zombie (D:8)
  8 killer bees (D:12)
  3 vampire bats (D:4)
  3 howler monkeys
  4 crimson imps
  A quasit (D:10)
  2 bullfrog zombies
  4 centaur skeletons
  5 hounds
  3 orc priests
  3 jellies
  3 bullfrog skeletons
  14 orc wizards
  Terence (D:2)
  5 iguanas
  9 worker ants
  2 hound skeletons
  2 worker ant zombies
  A howler monkey skeleton (D:6)
  8 gnolls
  10 adders
  4 shadow imps
  4 oozes
  3 adder skeletons
  2 adder zombies
  A worm (D:3)
  2 dart slugs
  4 leopard geckos
  37 orcs
  A bat skeleton (D:4)
  5 bat zombies (D:4)
  5 giant cockroaches
  12 hobgoblins
  3 jackals (D:9)
  11 kobolds
  6 quokkas
  9 bats
  5 frilled lizards
  2 gnoll zombies (D:7)
  8 goblins
  A quokka skeleton (D:5)
  6 rats
283 creatures vanquished.

Notes
Turn   | Place    | Note
-------+----------+-------------------------------------------
     0 | D:1      | grindst0ne the Ghoul Monk began the quest for the Orb.
     0 | D:1      | Reached XP level 1. HP: 19/19 MP: 0/0
   240 | D:1      | Reached XP level 2. HP: 26/26 MP: 1/1
   366 | D:1      | Reached skill level 1 in Armour
   517 | D:1      | Reached XP level 3. HP: 33/33 MP: 2/2
   858 | D:2      | Reached XP level 4. HP: 9/40 MP: 3/3
   865 | D:2      | HP: 2/40 [gnoll (3)]
  1294 | D:2      | Noticed Terence
  1315 | D:2      | Killed Terence
  1315 | D:2      | Reached XP level 5. HP: 32/47 MP: 4/4
  2024 | D:3      | Reached XP level 6. HP: 31/55 MP: 5/5
  2189 | D:3      | Reached skill level 5 in Unarmed Combat
  2201 | D:3      | Reached skill level 5 in Fighting
  2320 | D:3      | Found a sacrificial altar of Ru.
  3374 | D:4      | Found an ancient bone altar of Kikubaaqudgha.
  3378 | D:4      | Reached XP level 7. HP: 56/61 MP: 6/6
  3471 | D:4      | Found a stormy altar of Qazlal.
  4031 | D:5      | Entered Level 5 of the Dungeon
  4053 | D:5      | Noticed a vampire
  4061 | D:5      | Killed a vampire
  4088 | D:5      | Found a staircase to the Ecumenical Temple.
  4101 | D:5      | Reached XP level 8. HP: 55/69 MP: 7/7
  4113 | Temple   | Entered the Ecumenical Temple
  5113 | D:5      | Reached skill level 5 in Armour
  5471 | D:6      | Noticed Grinder
  5471 | D:6      | Paralysed by Grinder for 4 turns
  5485 | D:6      | Killed Grinder
  5532 | D:6      | Reached XP level 9. HP: 74/79 MP: 8/8
  5547 | D:6      | Noticed Sigmund
  5555 | D:6      | Killed Sigmund
  5558 | D:6      | Noticed Eustachio
  5572 | D:6      | Killed Eustachio
  5620 | D:6      | Found a transporter.
  5629 | D:6      | Found a transporter.
  5638 | D:6      | Noticed gruber's ghost (amateur MiGl)
  5844 | D:6      | Found a shimmering blue altar of Sif Muna.
  6554 | D:7      | Found a basalt altar of Yredelemnul.
  6594 | D:7      | Noticed a troll
  6601 | D:7      | Killed a troll
  6733 | D:7      | Found a hide-covered altar of Uskayaw.
  6853 | D:7      | Found a snail-covered altar of Cheibriados.
  7060 | D:7      | You fall into a shaft and drop 3 floors!
  7060 | D:10     | Entered Level 10 of the Dungeon
  7067 | D:10     | Found Lawkire's Weapon Shop.
  7426 | D:10     | Found a shimmering blue altar of Sif Muna.
  7447 | D:9      | Reached XP level 10. HP: 88/90 MP: 9/9
  7512 | D:8      | Noticed Maggie
  7517 | D:8      | Killed Maggie
  7581 | D:8      | Found a glowing silver altar of Zin.
  7720 | D:7      | Found a glowing golden altar of the Shining One.
  7830 | D:7      | Found a blossoming altar of Fedhas.
  8116 | D:7      | Found a bloodstained altar of Trog.
  8188 | D:7      | Became a worshipper of Trog the Wrathful
  8188 | D:7      | Reached * piety under Trog
  8188 | D:7      | Reached ** piety under Trog
  8272 | D:7      | Found a white marble altar of Elyvilon.
  8555 | D:8      | Noticed Prince Ribbit
  8622 | D:8      | Noticed Gastronok
  8628 | D:8      | Killed Prince Ribbit
  8628 | D:8      | Reached skill level 10 in Unarmed Combat
  9000 | D:8      | Killed Gastronok
  9000 | D:8      | Reached skill level 10 in Fighting
  9018 | D:8      | Found a staircase to the Lair.
  9049 | D:8      | Noticed Harold
  9065 | D:8      | Killed Harold
  9065 | D:8      | Reached XP level 11. HP: 61/96 MP: 10/10
  9266 | D:8      | Found a hazy altar of Hepliaklqana.
  9722 | D:9      | Found an ornate altar of the Wu Jian Council.
 10083 | D:9      | Found the +0 staff of Battle
 10083 | D:9      | Noticed a deep elf mage
 10938 | D:10     | Reached *** piety under Trog
 10939 | D:10     | Identified Sif Muna's Collected Works on Calling
 11350 | D:11     | Noticed a two-headed ogre
 11368 | D:11     | Killed a two-headed ogre
 11568 | D:11     | Found a staircase to the Orcish Mines.
 12071 | D:11     | Found Ipuniuda's General Store.
 12259 | D:12     | Noticed a white ugly thing
 12287 | D:12     | Killed a white ugly thing
 12432 | D:12     | Reached skill level 10 in Armour
 12577 | D:12     | Killed a deep elf mage
 12587 | D:12     | Reached XP level 12. HP: 75/111 MP: 11/11
 12807 | D:12     | Reached **** piety under Trog
 12847 | D:12     | Killed from afar by a deep elf mage

Illustrated notes

Levels and vault maps discovered:
D:1:      dpeg_arrival_round_c, layout_rooms, minmay_pentomino_u2
D:2:      minmay_kobold_bridge, layout_rooms, uniq_terence
D:3:      layout_basic, nicolae_ru_great_annihilating_truth
D:4:      layout_cave_pools, nicolae_qazlal_general_emergency,
          kennysheep_vampire_church, serial_rivers,
          chequers_serial_rivers_micro_d, chequers_serial_rivers_micro_c,
          chequers_serial_rivers_micro_a, chequers_serial_rivers_small_3,
          chequers_serial_rivers_micro_a, chequers_serial_rivers_large_a,
          minmay_crossroads
D:5:      layout_rooms, minmay_temple_entry_waves, first_ration,
          roderic_filled_cross
D:6:      layout_gridville, marbit_many_paths, gammafunk_ghost_mausoleum,
          uniq_eustachio, uniq_grinder, uniq_sigmund
D:7:      layout_cave_pools, lemuel_coloured_pillars_altar, old_standard_altar,
          old_standard_altar, fedhas_altar_2, lemuel_zombie_altar_yredelemnul,
          nicolae_tso_carved_into_rock, basic_altar, the_bakery,
          kennysheep_small_square
D:8:      layout_cave_pods, zin_academy, lemuel_doored_altar, lair_entry_dummy,
          kennysheep_generic_room_11, uniq_harold, uniq_gastronok, uniq_maggie,
          uniq_prince_ribbit1
D:9:      layout_basic, old_standard_altar, minmay_evil_grid
D:10:     layout_cave_pools, serial_shops, shop, led_sif_book
D:11:     layout_cave_pods, orc_0_dummy, serial_shops, kennysheep_little_box
D:12:     layout_roguey, nemelex_diamond_rough_becter, uniq_rupert, uniq_azrael
Temple:   compressed_dpeg_triangle_lava_temple

Skill      XL: |  1  2  3  4  5  6  7  8  9 10 11 |
---------------+----------------------------------+-----
Armour         | 1 2 3 4 5 7 8 10 | 10.2
Unarmed Combat | 4 5 6 7 9 10 12 | 12.2
Fighting       | 4 5 6 7 9 10 12 | 12.3
Dodging        | |  2.6
Stealth        | |  2.1

Action                   |  1- 3 |  4- 6 |  7- 9 | 10-12 || total
-------------------------+-------+-------+-------+-------++-------
Melee: Unarmed           |    99 |   391 |   336 |   556 ||  1382
       Punch             |     2 |     9 |    15 |    30 ||    56
Throw: Throwing net      |       |       |     1 |     5 ||     6
       Dart              |       |       |       |     3 ||     3
Invok: Trog's Hand       |       |       |       |     2 ||     2
Evoke: Wand              |       |       |     4 |     7 ||    11
  Use: Scroll            |     1 |     4 |     3 |     7 ||    15
       Potion            |     2 |     1 |       |     1 ||     4
 Stab: Invisible         |       |     1 |       |       ||     1
       Held in net/web   |       |       |       |     7 ||     7
       Sleeping          |       |       |       |     4 ||     4
  Eat: Chunk             |     3 |     5 |    15 |    30 ||    53
       Ration            |       |       |     1 |     1 ||     2
Armor: Robe              |     4 |       |       |       ||     4
       Ring mail         |    39 |    23 |       |       ||    62
       Scale mail        |       |   218 |   164 |    63 ||   445
       Chain mail        |       |       |       |   185 ||   185
Dodge: Dodged            |    76 |   252 |   160 |   196 ||   684
